General information
- name: BNet
- type: Ladder team game (AT/RT)
- host: Battle.net
- saver: BoneHouse
map: Deathknell
- players: 8
- length: 43:28
- speed: Fast
- version: 1.26 W3XP
- replay type: Public
» download(222 KB)
Players
team 1 (winner)

»
s3cks (
blue | 63 APM | 746 actions | 11:54)
2 Far Seer
1 Feral Spirit
1 Chain Lighting
» actions
| Assign group hotkey | 18 | |
| Basic commands | 31 | |
| Build / train | 51 | |
| ESC pressed | 5 | |
| Enter build submenu | 18 | |
| Enter hero's abilities submenu | 2 | |
| Remove unit from queue | 1 | |
| Right click | 364 | |
| Select / deselect | 180 | |
| Select group hotkey | 36 | |
| Use ability | 40 | |
746 total
» units
» upgrades
| Pillage | 1 | |
| Armor | 2 | |
| Melee Weapons | 2 | |
5 total
» buildings
| Altar of Storms | 1 | |
| Orc Burrow | 5 | |
| Barracks | 1 | |
| War Mill | 1 | |
| Voodoo Lounge | 1 | |
| Stronghold | 4 | |
| Great Hall | 1 | |
| Watch Tower | 5 | |
| Beastiary | 1 | |
20 total
» build order
00:49 Altar of Storms
01:43 Orc Burrow
01:52 Orc Burrow
02:41 Barracks
03:02 War Mill
03:46 Voodoo Lounge
05:31 Orc Burrow
05:57 Stronghold
05:58 Stronghold
05:58 Stronghold
07:46 Great Hall
07:52 Orc Burrow
07:55 Watch Tower
08:16 Orc Burrow
08:41 Beastiary
08:55 Watch Tower
09:46 Watch Tower
10:38 Watch Tower
10:41 Watch Tower
» items

»
IPman. (
green | 120 APM | 1436 actions | 11:59)
3 Priestess of the Moon
2 Trueshot Aura
1 Scout
1 Keeper of the Grove
1 Entangling Roots
» actions
| Assign group hotkey | 112 | |
| Basic commands | 145 | |
| Build / train | 66 | |
| Enter build submenu | 21 | |
| Enter hero's abilities submenu | 4 | |
| Right click | 421 | |
| Select / deselect | 437 | |
| Select group hotkey | 191 | |
| Use ability | 39 | |
1436 total
» units
| Wisp | 24 | |
| Archer | 12 | |
| Goblin Shredder | 5 | |
41 total
» upgrades
| Ultravision | 1 | |
| Strength of the Moon | 1 | |
| Improved Bows | 1 | |
3 total
» buildings
| Altar of Elders | 1 | |
| Moon Well | 4 | |
| Ancient of War | 1 | |
| Hunter's Hall | 2 | |
| Ancient of Wonders | 1 | |
| Tree of Ages | 1 | |
| Ancient Protector | 5 | |
| Tree of Life | 1 | |
| Tree of Eternity | 1 | |
| Ancient of Lore | 1 | |
18 total
» build order
00:05 Altar of Elders
00:06 Moon Well
00:54 Ancient of War
01:33 Moon Well
02:18 Hunter's Hall
02:21 Hunter's Hall
02:35 Ancient of Wonders
03:34 Moon Well
04:00 Moon Well
05:31 Tree of Ages
05:55 Ancient Protector
06:29 Tree of Life
06:44 Ancient Protector
06:58 Ancient Protector
07:35 Ancient Protector
07:36 Ancient Protector
07:53 Tree of Eternity
11:28 Ancient of Lore
» items
| Dust of Appearance | 3 | |
| Lesser Clarity Potion | 1 | |
| Potion of Healing | 3 | |
7 total
HackerDown. (
red | 105 APM | 4514 actions | 42:54)
6 Archmage
3 Summon Water Elemental
2 Brilliance Aura
1 Mass Teleport
» actions
| Assign group hotkey | 131 | |
| Basic commands | 293 | |
| Build / train | 223 | |
| ESC pressed | 20 | |
| Enter build submenu | 77 | |
| Enter hero's abilities submenu | 6 | |
| Give item / drop item | 1 | |
| Right click | 1161 | |
| Select / deselect | 661 | |
| Select group hotkey | 1634 | |
| Use ability | 307 | |
4514 total
» units
| Peasant | 25 | |
| Footman | 4 | |
| Goblin Shredder | 8 | |
| Goblin Zeppelin | 5 | |
| Dragonhawk Rider | 1 | |
| Goblin Sapper | 7 | |
| Gryphon Rider | 2 | |
| Siege Engine | 3 | |
| Knight | 7 | |
62 total
» upgrades
| Masonry | 3 | |
| Lumber Harvesting | 2 | |
| Swords | 4 | |
| Armor | 2 | |
| Animal War Training | 1 | |
| Cloud | 1 | |
| Plating | 3 | |
| Gunpowder | 3 | |
| Barrage | 1 | |
| Storm Hammers | 1 | |
21 total
» buildings
| Altar of Kings | 1 | |
| Barracks | 2 | |
| Farm | 10 | |
| Arcane Vault | 1 | |
| Lumber Mill | 1 | |
| Town Hall | 6 | |
| Keep | 3 | |
| Scout Tower | 61 | |
| Guard Tower | 78 | |
| Castle | 4 | |
| Gryphon Aviary | 2 | |
| Blacksmith | 2 | |
| Workshop | 2 | |
| Cannon Tower | 3 | |
| Arcane Tower | 4 | |
180 total
» build order
01:03 Altar of Kings
01:03 Barracks
01:04 Farm
01:10 Farm
01:15 Farm
01:22 Farm
02:02 Arcane Vault
02:29 Lumber Mill
04:26 Town Hall
04:27 Keep
04:28 Keep
04:28 Keep
06:42 Town Hall
06:55 Scout Tower
06:55 Scout Tower
06:56 Scout Tower
06:57 Scout Tower
07:00 Scout Tower
07:27 Guard Tower
07:42 Guard Tower
08:13 Farm
08:25 Guard Tower
08:26 Guard Tower
08:26 Guard Tower
08:26 Guard Tower
08:30 Guard Tower
08:40 Scout Tower
08:41 Scout Tower
08:42 Scout Tower
08:43 Scout Tower
09:00 Scout Tower
09:01 Scout Tower
09:02 Scout Tower
09:03 Scout Tower
09:09 Guard Tower
09:09 Guard Tower
09:10 Guard Tower
09:10 Guard Tower
09:11 Guard Tower
09:14 Guard Tower
09:34 Guard Tower
09:34 Guard Tower
09:34 Guard Tower
09:34 Guard Tower
09:35 Guard Tower
09:35 Guard Tower
09:35 Guard Tower
09:59 Castle
10:00 Castle
10:16 Scout Tower
10:18 Scout Tower
10:19 Scout Tower
10:20 Scout Tower
10:20 Scout Tower
10:27 Scout Tower
10:28 Scout Tower
10:29 Scout Tower
10:32 Scout Tower
10:33 Scout Tower
10:50 Guard Tower
10:59 Guard Tower
10:59 Guard Tower
11:01 Guard Tower
11:01 Guard Tower
11:08 Guard Tower
11:08 Guard Tower
11:10 Guard Tower
11:10 Guard Tower
12:08 Scout Tower
12:09 Scout Tower
12:10 Scout Tower
12:11 Scout Tower
12:11 Scout Tower
12:12 Scout Tower
12:14 Scout Tower
12:15 Scout Tower
12:16 Scout Tower
12:17 Scout Tower
12:40 Guard Tower
12:40 Guard Tower
12:41 Guard Tower
12:42 Guard Tower
12:42 Guard Tower
12:43 Guard Tower
12:46 Gryphon Aviary
12:48 Gryphon Aviary
12:58 Scout Tower
12:59 Scout Tower
13:00 Scout Tower
13:01 Scout Tower
13:02 Scout Tower
13:09 Guard Tower
13:09 Guard Tower
13:09 Guard Tower
13:27 Guard Tower
13:39 Guard Tower
14:03 Guard Tower
14:20 Blacksmith
14:21 Blacksmith
16:11 Scout Tower
16:12 Scout Tower
16:13 Scout Tower
16:19 Scout Tower
16:22 Scout Tower
17:41 Guard Tower
17:41 Guard Tower
17:42 Guard Tower
17:49 Scout Tower
17:50 Scout Tower
17:51 Scout Tower
17:52 Scout Tower
18:59 Workshop
19:00 Workshop
19:08 Barracks
19:22 Town Hall
19:25 Guard Tower
19:25 Guard Tower
21:22 Farm
21:24 Farm
21:26 Farm
21:27 Farm
23:57 Guard Tower
23:58 Guard Tower
26:06 Town Hall
26:47 Guard Tower
26:47 Guard Tower
29:58 Farm
32:44 Town Hall
34:52 Scout Tower
34:55 Scout Tower
35:18 Town Hall
35:21 Guard Tower
35:21 Guard Tower
36:31 Scout Tower
36:32 Scout Tower
36:33 Scout Tower
36:34 Scout Tower
36:39 Scout Tower
36:41 Scout Tower
36:42 Scout Tower
36:43 Scout Tower
36:44 Scout Tower
36:44 Scout Tower
36:45 Scout Tower
36:46 Scout Tower
37:04 Guard Tower
37:37 Guard Tower
37:37 Guard Tower
38:01 Guard Tower
38:02 Guard Tower
38:13 Cannon Tower
38:13 Cannon Tower
38:13 Arcane Tower
38:14 Arcane Tower
» items
| Scroll of Regeneration | 9 | |
| Scroll of Town Portal | 6 | |
| Staff of Sanctuary | 1 | |
| Mechanical Critter | 2 | |
18 total

»
led4urhead (
purple | 13 APM | 562 actions | 43:28)
3 Death Knight
2 Death Coil
1 Death Pact
» actions
| Build / train | 38 | |
| Enter build submenu | 15 | |
| Enter hero's abilities submenu | 3 | |
| Right click | 308 | |
| Select / deselect | 148 | |
| Use ability | 50 | |
562 total
» units
| Acolyte | 3 | |
| Ghoul | 4 | |
| Crypt Fiend | 1 | |
| Frost Wyrm | 4 | |
| Gargoyle | 7 | |
| Obsidian Statue | 3 | |
22 total
» upgrades
| Creature Carapace | 2 | |
| Creature Attack | 2 | |
| Freezing Breath | 1 | |
| Destroyer Form | 1 | |
| Web | 1 | |
7 total
» buildings
| Crypt | 1 | |
| Ziggurat | 6 | |
| Graveyard | 1 | |
| Altar of Darkness | 1 | |
| Halls of the Dead | 1 | |
| Tomb of Relics | 1 | |
| Black Citadel | 1 | |
| Sacrificial Pit | 1 | |
| Boneyard | 2 | |
| Slaughterhouse | 1 | |
16 total
» build order
00:16 Crypt
00:18 Ziggurat
00:36 Graveyard
01:11 Altar of Darkness
02:22 Halls of the Dead
02:47 Ziggurat
03:14 Tomb of Relics
03:33 Ziggurat
04:44 Black Citadel
04:51 Sacrificial Pit
07:09 Boneyard
07:14 Boneyard
07:24 Slaughterhouse
10:31 Ziggurat
10:39 Ziggurat
13:51 Ziggurat
» items
| Scroll of Town Portal | 2 | |
| Potion of Healing | 1 | |
3 total
team 2 (loser)
ANSO (
orange | 48 APM | 2087 actions | 43:28)
6 Blademaster
2 Wind Walk
3 Critical Strike
1 Bladestorm
5 Shadow Hunter
3 Healing Wave
2 Hex
1 Tauren Chieftain
1 Endurance Aura
» actions
| Basic commands | 5 | |
| Build / train | 82 | |
| Enter build submenu | 39 | |
| Enter hero's abilities submenu | 12 | |
| Give item / drop item | 1 | |
| Right click | 1298 | |
| Select / deselect | 550 | |
| Use ability | 99 | |
2087 total
» units
| Peon | 15 | |
| Wind Rider | 6 | |
| Raider | 9 | |
| Shaman | 4 | |
| Troll Witch Doctor | 4 | |
| Goblin Shredder | 1 | |
| Demolisher | 1 | |
| Kodo Beast | 1 | |
41 total
» upgrades
| Melee Weapons | 3 | |
| Armor | 1 | |
| Ranged Weapons | 2 | |
| Ensnare | 1 | |
| Shaman Training | 2 | |
| Reinforced Defenses | 1 | |
| Envenomed Spears | 1 | |
| Witch Doctor Training | 2 | |
| Spiked Barricades | 1 | |
| Burning Oil | 1 | |
| War Drums Damage Increase | 1 | |
16 total
» buildings
| Altar of Storms | 2 | |
| Orc Burrow | 8 | |
| Voodoo Lounge | 1 | |
| War Mill | 1 | |
| Stronghold | 1 | |
| Watch Tower | 12 | |
| Beastiary | 2 | |
| Fortress | 1 | |
| Spirit Lodge | 2 | |
| Great Hall | 4 | |
| Barracks | 2 | |
36 total
» build order
00:10 Altar of Storms
00:15 Orc Burrow
01:07 Voodoo Lounge
01:26 War Mill
02:24 Stronghold
03:11 Orc Burrow
03:20 Watch Tower
03:43 Orc Burrow
03:50 Watch Tower
04:52 Beastiary
05:31 Fortress
06:35 Spirit Lodge
09:56 Orc Burrow
10:45 Orc Burrow
11:46 Orc Burrow
12:23 Great Hall
13:00 Orc Burrow
13:33 Orc Burrow
14:35 Spirit Lodge
18:52 Watch Tower
20:49 Beastiary
21:11 Great Hall
21:17 Barracks
23:32 Barracks
23:43 Watch Tower
23:50 Watch Tower
25:42 Watch Tower
25:46 Watch Tower
25:56 Watch Tower
26:43 Watch Tower
27:24 Watch Tower
27:34 Great Hall
28:14 Watch Tower
31:47 Altar of Storms
33:00 Great Hall
33:23 Watch Tower
» items
| Healing Salve | 1 | |
| Lesser Clarity Potion | 1 | |
| Orb of Lightning | 2 | |
| Scroll of Town Portal | 3 | |
| Potion of Healing | 1 | |
8 total
CHUNKnorr1s (
teal | 26 APM | 779 actions | 30:30)
3 Death Knight
2 Death Coil
1 Unholy Aura
2 Lich
1 Frost Nova
1 Dark Ritual
2 Crypt Lord
1 Spiked Carapace
1 Impale
» actions
| Build / train | 65 | |
| Enter build submenu | 18 | |
| Enter hero's abilities submenu | 7 | |
| Right click | 446 | |
| Select / deselect | 188 | |
| Use ability | 55 | |
779 total
» units
| Acolyte | 12 | |
| Ghoul | 5 | |
| Crypt Fiend | 7 | |
| Frost Wyrm | 12 | |
36 total
» upgrades
| Creature Attack | 3 | |
| Creature Carapace | 3 | |
| Web | 1 | |
| Burrow | 1 | |
| Freezing Breath | 1 | |
9 total
» buildings
| Crypt | 1 | |
| Altar of Darkness | 1 | |
| Ziggurat | 9 | |
| Graveyard | 1 | |
| Tomb of Relics | 1 | |
| Halls of the Dead | 1 | |
| Black Citadel | 1 | |
| Sacrificial Pit | 1 | |
| Boneyard | 3 | |
19 total
» build order
00:57 Crypt
01:01 Altar of Darkness
01:04 Ziggurat
01:13 Ziggurat
01:34 Graveyard
02:47 Ziggurat
03:01 Ziggurat
06:34 Tomb of Relics
07:58 Halls of the Dead
09:56 Ziggurat
09:58 Ziggurat
10:00 Ziggurat
10:02 Ziggurat
10:04 Ziggurat
10:35 Black Citadel
10:56 Sacrificial Pit
12:57 Boneyard
13:00 Boneyard
13:03 Boneyard
» items
| Orb of Corruption | 2 | |
| Scroll of Town Portal | 3 | |
| Potion of Healing | 2 | |
| Orb of Fire | 1 | |
8 total
BoneHouse (
yellow | 39 APM | 1691 actions | 43:28)
7 Archmage
3 Summon Water Elemental
3 Brilliance Aura
1 Mass Teleport
» actions
| Assign group hotkey | 30 | |
| Basic commands | 329 | |
| Build / train | 86 | |
| Enter build submenu | 36 | |
| Enter hero's abilities submenu | 7 | |
| Give item / drop item | 8 | |
| Right click | 501 | |
| Select / deselect | 364 | |
| Select group hotkey | 196 | |
| Use ability | 133 | |
1691 total
» units
| Peasant | 16 | |
| Footman | 5 | |
| Goblin Shredder | 1 | |
| Dragonhawk Rider | 7 | |
| Gryphon Rider | 5 | |
| Goblin Sapper | 9 | |
| Goblin Zeppelin | 2 | |
45 total
» upgrades
| Masonry | 1 | |
| Swords | 3 | |
| Armor | 3 | |
| Animal War Training | 1 | |
| Cloud | 1 | |
| Storm Hammers | 1 | |
10 total
» buildings
| Altar of Kings | 1 | |
| Barracks | 1 | |
| Farm | 11 | |
| Lumber Mill | 1 | |
| Arcane Vault | 1 | |
| Keep | 1 | |
| Town Hall | 1 | |
| Scout Tower | 15 | |
| Guard Tower | 9 | |
| Gryphon Aviary | 4 | |
| Blacksmith | 2 | |
| Castle | 1 | |
48 total
» build order
00:45 Altar of Kings
00:47 Barracks
00:51 Farm
00:52 Farm
01:08 Farm
01:56 Farm
03:42 Lumber Mill
03:45 Arcane Vault
04:10 Keep
04:36 Town Hall
04:48 Scout Tower
04:51 Scout Tower
04:52 Scout Tower
04:58 Scout Tower
05:36 Guard Tower
05:36 Guard Tower
05:39 Guard Tower
05:51 Guard Tower
07:13 Scout Tower
07:14 Scout Tower
07:16 Scout Tower
07:17 Scout Tower
07:19 Scout Tower
07:36 Gryphon Aviary
07:40 Gryphon Aviary
08:16 Guard Tower
08:22 Gryphon Aviary
08:34 Farm
08:35 Farm
08:53 Blacksmith
08:59 Blacksmith
10:00 Farm
10:27 Castle
10:28 Guard Tower
11:59 Guard Tower
13:14 Farm
13:14 Farm
13:15 Farm
13:41 Farm
13:42 Gryphon Aviary
19:14 Scout Tower
19:15 Scout Tower
19:15 Scout Tower
19:17 Scout Tower
19:17 Scout Tower
19:18 Scout Tower
19:54 Guard Tower
20:46 Guard Tower
» items
| Scroll of Regeneration | 5 | |
| Scroll of Town Portal | 2 | |
| Potion of Healing | 5 | |
12 total
runerangor (
pink | 23 APM | 578 actions | 25:00)
4 Blood Mage
2 Banish
2 Siphon Mana
» actions
| Basic commands | 13 | |
| Build / train | 79 | |
| Enter build submenu | 33 | |
| Enter hero's abilities submenu | 4 | |
| Give item / drop item | 1 | |
| Remove unit from queue | 1 | |
| Right click | 129 | |
| Select / deselect | 268 | |
| Use ability | 50 | |
578 total
» units
| Peasant | 22 | |
| Footman | 6 | |
| Rifleman | 5 | |
| Knight | 8 | |
| Flying Machine | 13 | |
54 total
» upgrades
| Swords | 3 | |
| Long Rifles | 1 | |
| Plating | 3 | |
| Animal War Training | 1 | |
| Lumber Harvesting | 1 | |
| Gunpowder | 2 | |
| Masonry | 2 | |
| Flak Cannons | 1 | |
14 total
» buildings
| Farm | 15 | |
| Altar of Kings | 1 | |
| Barracks | 1 | |
| Scout Tower | 3 | |
| Arcane Tower | 1 | |
| Keep | 1 | |
| Lumber Mill | 1 | |
| Blacksmith | 1 | |
| Arcane Vault | 1 | |
| Guard Tower | 2 | |
| Castle | 1 | |
| Town Hall | 3 | |
| Workshop | 2 | |
33 total
» build order
00:21 Farm
00:37 Altar of Kings
00:59 Farm
01:36 Farm
01:52 Barracks
02:06 Scout Tower
02:32 Arcane Tower
02:39 Keep
02:59 Farm
03:14 Scout Tower
03:47 Farm
03:52 Lumber Mill
03:56 Blacksmith
04:52 Arcane Vault
05:06 Guard Tower
05:12 Castle
06:24 Town Hall
09:09 Farm
09:13 Scout Tower
09:47 Guard Tower
09:56 Farm
10:32 Farm
10:49 Workshop
10:57 Workshop
11:15 Farm
11:51 Farm
12:39 Farm
13:28 Farm
14:11 Farm
16:04 Farm
16:31 Town Hall
16:47 Farm
19:06 Town Hall
Chat log
(00:15 / All) BoneHouse: Yeah I love ya so much
(00:17 / All) BoneHouse: I don't need to resist
(00:26 / All) BoneHouse: I don't need to exist
(00:34 / All) BoneHouse: dripping blue blood from my wrist
(00:41 / All) BoneHouse: yeah all the neighbors get pissed I come home make them notice
(01:05 / All) BoneHouse: Crack ya knucles crack a broken bone
(01:24 / All) BoneHouse: ALL YOU HAD TO DO WAS ASK
(01:26 / All) IPman.: here i sit all broken hearted
(01:29 / All) IPman.: tried to shit but only farted
(01:34 / All) BoneHouse: CHECK YA LIPS AT THE DOOR WOMAN
(01:39 / All) BoneHouse: YOU SHAKE YOUR HIPS LIKE BATTLESHIPS
(01:48 / All) BoneHouse: yEAH ALL THE WHITE GIRLS TRIP HWNE I SING AT SUNDAY SERVICE
(02:20 / All) BoneHouse: I ONLY GOT ONE FACE DA DA DADADA I TOOK TOO LONG TO ERASE
(02:34 / All) BoneHouse: If I left you woman I wouldn't leave a trace
(04:19 / All) BoneHouse: Let's go when no one can see us
(04:22 / All) BoneHouse: find the difference between us
(04:26 / All) BoneHouse: YOU CAN CRY LIKE A BABY
(04:30 / All) BoneHouse: JUST LET ME DO WHAT I NEED TO
(04:36 / All) HackerDown.: Purple is Xp leeching scum
(04:38 / All) HackerDown.: Says he's scouting
(04:42 / All) HackerDown.: Stops for a second while I creep
(05:12 / All) BoneHouse: mher|
(05:14 / All) BoneHouse: ?
(05:40 / All) BoneHouse: Yes
(05:54 / All) BoneHouse: Purple is a mher
(06:11 / All) BoneHouse: POS
(06:19 / All) HackerDown.: He's an XP leeching thief
(06:23 / All) HackerDown.: Scum of battle.net
(06:25 / All) BoneHouse: TK purple everyime
(06:28 / All) BoneHouse: MHing pos
(06:37 / All) HackerDown.: Teching noob too
(06:45 / All) BoneHouse: wyrm bot?|
(06:51 / All) HackerDown.: Looks like it
(07:09 / Allies) BoneHouse: lumber
(07:51 / All) BoneHouse: purple is perfectly legitimate!
(07:55 / All) BoneHouse: harassing level 1 dk
(07:57 / All) BoneHouse: on this big map
(08:03 / All) BoneHouse: and hits the guy with all teh hurt workers
(08:08 / All) BoneHouse: then goes to his expo with hurt workers
(08:08 / All) HackerDown.: says he's "scouting" too when he sees it all
(09:45 / All) led4urhead: i dont give a fuck what red says and his 4 footies
(09:53 / All) HackerDown.: Purp is a tker
(09:57 / All) HackerDown.: and XP thief
(09:59 / All) HackerDown.: and mher
(10:01 / All) led4urhead: u right
(10:38 / All) HackerDown.: Purple is trash
(10:40 / All) HackerDown.: Wyrmbot
(10:43 / All) HackerDown.: Straight tech
(10:45 / All) HackerDown.: Maphacker
(10:48 / All) HackerDown.: Soon to be failed tker
(10:49 / All) led4urhead: i always tk noobs
(10:54 / All) HackerDown.: Kill yourself then
(11:18 / All) HackerDown.: he's chasing me to your side lol
(11:59 / All) CHUNKnorr1s: gg
(12:04 / All) HackerDown.: Now only purple must die
(13:14 / All) HackerDown.: Purp can't tk either, isn't doing shit
(13:26 / All) led4urhead: it over noob
(13:31 / All) HackerDown.: For you
(13:34 / All) led4urhead: hide in ur towers
(13:48 / All) HackerDown.: called making time
(13:50 / Allies) BoneHouse: let's go pink
(14:13 / All) led4urhead: called u dont know wtf ur doing
(14:25 / Allies) BoneHouse: come
(14:27 / Allies) BoneHouse: kill purple
(14:29 / All) HackerDown.: called you're meat
(14:37 / Allies) BoneHouse: why are you wasting your shit on towers?
(14:41 / All) led4urhead: grow up kid
(14:49 / All) BoneHouse: Holy shit pink
(14:51 / All) BoneHouse: Moron
(16:18 / All) BoneHouse: you';re goood purple LOL
(16:28 / All) HackerDown.: He thinks he is
(16:32 / All) led4urhead: y try
(16:36 / All) BoneHouse: LOL
(16:37 / All) HackerDown.: lol
(16:38 / All) HackerDown.: Yeah
(16:38 / All) led4urhead: i ogt 3 noobs
(16:39 / All) BoneHouse: you tried to focus AM<
(16:40 / All) HackerDown.: You aren't trying
(16:42 / All) HackerDown.: That's what they all say
(16:45 / All) HackerDown.: I'm the one alive purple
(16:47 / All) HackerDown.: Not you, trash
(16:54 / All) BoneHouse: I had health pot and invul
(17:16 / All) HackerDown.: lol
(17:45 / All) BoneHouse: Off my bnet purple
(17:52 / All) led4urhead: wasnt try a long time ago cause my dick sucking allies
(17:57 / All) BoneHouse: K
(17:59 / All) BoneHouse: mhing trash
(17:59 / All) HackerDown.: I'm alive, you are dead
(18:07 / All) HackerDown.: wyrmbot mhing failed tk garbage can
(18:17 / All) led4urhead: not for long noob
(18:22 / All) HackerDown.: lol
(18:58 / Allies) BoneHouse: Guys I'm killing pink
(19:02 / Allies) BoneHouse: He's too stupid to live
(19:40 / All) led4urhead: he is getting gyros
(19:46 / All) HackerDown.: No I'm not
(19:50 / All) BoneHouse: faggot
(19:53 / All) led4urhead: u need tanks
(20:22 / All) HackerDown.: nice wyvern micro
(21:05 / All) led4urhead: only eight towers at main base in mid
(21:09 / All) HackerDown.: lol
(21:13 / All) HackerDown.: Purple is mad
(21:15 / All) HackerDown.: Wants me to lose badly
(21:26 / All) led4urhead: lol not mad
(21:37 / All) led4urhead: i get noobs allot on here
(21:42 / All) led4urhead: i got 6k wins
(21:53 / All) HackerDown.: 107-127 awful
(22:00 / All) led4urhead: thats on tft
(22:07 / All) led4urhead: tft sucks balls
(22:09 / All) HackerDown.: LOL
(22:12 / All) HackerDown.: you still play roc?
(22:13 / All) HackerDown.: really?
(22:18 / All) led4urhead: roc is the best
(22:19 / All) HackerDown.: an objectively inferior game
(22:22 / Allies) CHUNKnorr1s: wtf yellow
(22:31 / Allies) ANSO: yellow?
(22:41 / All) led4urhead: tft sucks ass to slow SAME STRATGEY EVERY TIME
(22:42 / Allies) CHUNKnorr1s: yellow wtf dude?
(22:44 / Allies) BoneHouse: Teal's a bitch like pink
(22:52 / All) HackerDown.: yeah as opposed to creeping the same way every game?
(22:56 / All) led4urhead: it is studpid
(22:59 / Allies) CHUNKnorr1s: wtf are u talking about werew winning?
(23:12 / Allies) CHUNKnorr1s: yellow wtf are u tralking about?
(23:23 / Allies) CHUNKnorr1s: ?/
(23:31 / Allies) CHUNKnorr1s: I HAVE NO IDEA WHATS GOUING ON?
(23:35 / Allies) runerangor: u deserve it haha
(23:40 / Allies) runerangor: u sux teal
(23:42 / All) BoneHouse: Teal and pink are bitches
(23:44 / Allies) CHUNKnorr1s: what/
(23:46 / Allies) CHUNKnorr1s: were winning?
(23:53 / All) HackerDown.: Purpe is my bitch
(23:55 / Allies) runerangor: ur next oj
(23:59 / Allies) CHUNKnorr1s: guys wtf are yall talking about?
(24:04 / All) led4urhead: ur noob
(24:08 / All) HackerDown.: You're dead
(24:09 / Allies) CHUNKnorr1s: and u just tp and tk me>?
(24:17 / Allies) CHUNKnorr1s: wtf are yu talking about dude?
(24:17 / All) HackerDown.: I'm unmatched, undefeated
(24:25 / Allies) CHUNKnorr1s: yellow?
(24:29 / All) led4urhead: we will c
(24:30 / Allies) CHUNKnorr1s: wow
(24:53 / All) led4urhead: he has 3 tanks watch out
(25:01 / Allies) CHUNKnorr1s: guys what did yall do to yellow?
(25:08 / All) HackerDown.: Certainly more than you have
(25:14 / All) HackerDown.: I imagine more than you usually have
(25:20 / All) HackerDown.: since you are a wyrmbot, instant die to any skilled player
(25:45 / All) led4urhead: that doesnt make sense noob
(25:54 / All) led4urhead: or is that nerd talk
(25:57 / All) HackerDown.: Yes it does, you play RoC, you are the lowest of the garbage
(26:20 / All) led4urhead: lol u cant even paly this peice of shit game
(26:23 / All) CHUNKnorr1s: red u win
(26:27 / All) CHUNKnorr1s: yellow tked us all
(26:28 / All) HackerDown.: Yes I do 1v4ed niggers
(26:36 / All) CHUNKnorr1s: i was owning u guys and yellow tked us
(26:38 / All) CHUNKnorr1s: ... wow
(26:46 / All) CHUNKnorr1s: gg
(26:49 / All) HackerDown.: out
(26:54 / All) led4urhead: niggers are easy to bet
(27:05 / All) HackerDown.: They sure beat you easily after all purple
(27:08 / All) HackerDown.: I guess you are proof of that
(27:29 / All) CHUNKnorr1s: wow i still have no idea whats going on
(27:39 / All) led4urhead: yellow if fucking u
(27:41 / All) CHUNKnorr1s: red u got lucky yellow is a fatass crygirl
(27:50 / All) CHUNKnorr1s: i have no idea what hes raging wbout
(27:50 / Allies) ANSO: fuck u yellow
(28:02 / All) CHUNKnorr1s: but his dumbass just gave himself a loss
(28:10 / All) CHUNKnorr1s: and 100 reports
(28:12 / All) CHUNKnorr1s: rofl
(28:25 / All) CHUNKnorr1s: never seen such trash
(29:12 / All) HackerDown.: lol
(31:10 / Allies) ANSO: dafuq yellow
(31:28 / All) BoneHouse: teal whispered me
(31:33 / All) HackerDown.: what'd he say
(31:40 / All) HackerDown.: witch doctor harass lol
(31:42 / All) HackerDown.: trying so hard
(31:43 / All) BoneHouse: just saw ur profile
(31:56 / All) BoneHouse: wow ur a trash crygirl bitch
(32:10 / All) BoneHouse: he's not online so I can't reply
(32:28 / All) BoneHouse: 0-0 a lot can be determined from that data
(33:00 / All) BoneHouse: orange is a cocksucking noob
(33:03 / All) BoneHouse: I'd rather lose than win with him
(33:09 / All) HackerDown.: lol
(33:28 / All) HackerDown.: He wants the win bad
(33:48 / All) BoneHouse: There's no quit in him
(33:52 / All) BoneHouse: Too bad there's no skill eitehr
(34:10 / All) ANSO: afk hahaha
(34:15 / All) BoneHouse: Yeah that's what they all say
(38:10 / All) ANSO: back
(38:12 / All) ANSO: oh
(38:15 / All) ANSO: lol
(38:18 / All) ANSO: LAWL
(38:19 / All) BoneHouse: You and purple are going to play a game within the game
(38:25 / All) ANSO: POUHAHAHAHAHAHAHA
(38:34 / All) ANSO: IM CURIOUS
(38:36 / All) BoneHouse: We're going to see who wants the win more
(38:39 / All) ANSO: U VS RED
(38:39 / All) BoneHouse: You or purple
(38:50 / All) BoneHouse: Me vs red? Nay sir. Shan't happen
(38:53 / All) ANSO: GN?
(38:56 / All) BoneHouse: You vs purple though, ah now there's a real treat
(39:13 / All) BoneHouse: You see neither of you will have any means to victory except by the other man leaving
(39:14 / All) ANSO: UR GOOD ...ONLY FOR TK
(39:35 / All) BoneHouse: You are men, I presume? Purple might infact be a eunuch, such would explain his hysterical behavior, more woman than man
(39:50 / All) ANSO: WOOOOW
(39:55 / All) ANSO: FUCKIGN PRICK
(40:00 / All) BoneHouse: Yes he lost his
(40:06 / All) BoneHouse: Sad day I guess
(40:14 / All) BoneHouse: He didn't use it much anyawy
(40:41 / All) HackerDown.: Optimal killing with every tower type from the human race
(41:02 / All) HackerDown.: Actually this isn't more optimal at all but it's more fun
(41:50 / All) HackerDown.: My side is done
(42:42 / All) HackerDown.: Good luck both of you
(42:44 / All) BoneHouse: Well, good luck
(42:47 / All) HackerDown.: You have equal chances
(42:50 / All) HackerDown.: LET IT BEGIN, LET IT BEGIN!
(43:19 / All) BoneHouse: I'd love to say it's been fun, because it has for me but probably not for you guys, eh? That would be a little inconsiderate
(43:25 / All) BoneHouse: So let's say, it's been REAL